woodfighter, chaotic female human Rogue --------- -----`########-.<.....| |...-# |.....%..# |.%.| |....[..|# |...|# ##........|# ------------- |...|# # |.......|# |`.........`| -----# ### ---------# |.....`.....| # # # |...-----...| # ### # |...|.{.|...%##########`I # # ### |..`|{.{.`..| # # # |..)|.{.|....######f@e # # ### |...-----...| # # # |.....`.....| #### # ##-`.........`| #-----# ------------- #....|# |..^.# ----- woodfighter the Rogue Experience level: 6 Strength: 13 Dexterity: 19 Constitution: 16 Intelligence: 10 Wisdom: 9 Charisma: 10 Health: 0(54) Energy: 22(22) Def: 7 Gold: 0 Moves: 2570 Dungeon seed: PKckZyWCaaZf396m Game ID: woodfighter_1556348636 Your Inventory: Weapons a - a +0 short sword (weapon in hand) b - 10 +0 daggers (in quiver) Armor e - an uncursed +1 leather armor (being worn) q - a blessed +0 cloak of protection (being worn) r - an uncursed +0 pair of water walking boots (being worn) z - a cursed -1 pair of levitation boots Comestibles H - an uncursed food ration X - an uncursed tripe ration Z - an uncursed lizard corpse Wands h - a wand of opening (0:3) k - a wand of enlightenment (0:13) n - a blessed wand of secret door detection (0:13) F - a wand of enlightenment (0:11) M - a wand of striking (0:7) R - a wand of teleportation (0:4) Tools s - an uncursed sack y - an uncursed lock pick P - a can of grease (0:11) W - an uncursed blindfold Contents of the sack: 331 gold pieces a blessed scroll of earth an uncursed scroll of enchant armor an uncursed scroll of gold detection a blessed scroll of identify 2 uncursed scrolls of identify a cursed scroll of punishment a blessed scroll of remove curse a [uncursed] scroll of scare monster an uncursed scroll of teleportation an uncursed scroll of water an uncursed spellbook of jumping an uncursed potion of booze an uncursed potion of extra healing 2 [uncursed] potions of hallucination a [cursed] potion of hallucination a cursed potion of object detection a [uncursed] potion of see invisible an uncursed potion of sickness a cursed ring of protection from shape changers a cursed [-1] ring of stealth a cursed [-1] ring of stealth Spells and supernatural/magical abilities: Name Level Category Fail Memory W - pray for help -- divine ? -- Your skills at the end: Miscellaneous Skills wands [Basic] Weapon Skills dagger [Basic] short sword [Basic] Spellcasting Skills Final Attributes: You were piously aligned. Your writing hand was ok. You were telepathic. You were somewhat stealthy. You could walk on water. You were protected. You are dead. Vanquished creatures: 2 large mimics a giant beetle a lizard 2 dogs 3 human zombies 2 fog clouds a floating eye 2 kobold shamans 2 iguanas 3 jitterbugs a gas spore 2 hobbits 2 acid blobs 4 geckos a hobgoblin a yellow mold a red mold 5 manes a gnome zombie 3 jackals a fox 3 newts 2 goblins 5 sewer rats 4 grid bugs 2 lichens 57 creatures vanquished. Voluntary challenges: You did not adorn yourself with jewelry or accessories. You did not cause conflict. You were not invisible. You did not have reflection. You were not displaced. You had been an atheist until turn 1813. You used a wielded weapon 128 times, starting on turn 271. You did not apply a unicorn horn. You did not use plumbed fixtures. You did not drink any magical draughts. You read items or engraved 1 time, starting on turn 1946. You never genocided any monsters. You never polymorphed an object. You never changed form. You used no wishes. You never split a pudding. You never wrote Elbereth's name. You never violated your personal moral code. Dungeon overview: The Dungeons of Doom: levels 1 to 6 Level 1 a fountain a long staircase Level 2 Level 3 a general store, a fountain Level 4 a fountain stairs to The Gnomish Mines Level 5 a general store, an altar to Issek, some fountains Level 6 <- You were here many fountains The Gnomish Mines: Level 5 stairs to The Dungeons of Doom History has recorded: On T:1 you entered the Dungeons of Doom to retrieve the Amulet of Yendor! On T:270 you reached level 2 of The Dungeons of Doom. On T:619 you reached level 3 of The Dungeons of Doom. On T:761 you advanced to experience level 2. On T:861 you advanced to experience level 3. On T:922 you reached level 4 of The Dungeons of Doom. On T:1077 you advanced to experience level 4. On T:1125 you advanced to experience level 5. On T:1240 you reached level 1 of The Gnomish Mines. On T:1273 you reached level 5 of The Dungeons of Doom. On T:1813 you prayed to Kos. On T:1848 you advanced to experience level 6. On T:1865 you reached level 6 of The Dungeons of Doom. Score breakdown: Gold: 331 ( 33 points) Experience: 6 levels ( 500 points) Exploration: 6 levels ( 150 points) Discoveries: 26 items ( 1300 points) Variety of kills: 26 monsters ( 1300 points) Major goal: (nothing yet) ( 0 points) Survival: died (score multiplied by 3) Total score: 9849 Latest messages: You put an emerald potion into the sack. You put 2 potions called hallu into the sack. You put a cursed golden potion into the sack. You displace kitty. You see here a statue of a forest centaur. "Hello, woodfighter, welcome to Delphi!" With great effort you move the boulder. You hear a monster behind the boulder. Perhaps that's why you cannot move it. You displace kitty. You stop exploring. You stab the human zombie. (2x) The human zombie scratches you! You stab the human zombie. (2x) The human zombie misses. You destroy the human zombie! There is a doorway here. You see here a human corpse. You stab the human zombie! You stab the human zombie. The human zombie scratches you! You stab the human zombie! You destroy the human zombie! A floating eye blocks your way. You stab the floating eye! As you meet its deep, meaningful gaze, you feel its suffering as though it were your own. You die... Final status: Goodbye woodfighter the Rogue, killed by vicarious suffering... You died in The Dungeons of Doom on dungeon level 6 with 9849 points, and 331 pieces of gold, after 2570 moves. You were level 6 with a maximum of 54 hit points when you died.